 Dungeon Crawl Stone Soup version 0.30-a0-737-gf23d940 (webtiles) character file.

Game seed: 9544210117202500058

3502 PublicAnimeNo1 the Sneak (level 9, -8/64 (68) HPs)
             Began as a Demonspawn Artificer on Feb 1, 2023.
             Was a Believer of Dithmenos.
             Killed from afar by a centaur (20 damage)
             ... with a bolt of dispelling energy
             ... on level 8 of the Dungeon on Feb 2, 2023.
             The game lasted 00:24:50 (8742 turns).

PublicAnimeNo1 the Sneak (Demonspawn Artificer)     Turns: 8742, Time: 00:24:50

HP:   -8/64 (68)    AC:  4    Str: 13    XL:     9   Next: 80%
MP:   9/15          EV: 11    Int: 15    God:    Dithmenos [**....]
Gold: 800           SH:  8    Dex: 21    Spells: 12/16 levels left

rFire   . . .      SeeInvis .    k - +0 short sword
rCold   . . .      Faith    .    c - +0 buckler
rNeg    . . .      Spirit   .    B - +0 troll leather armour
rPois   .          Reflect  .    (no helmet)
rElec   .          Harm     .    (no cloak)
rCorr   .          Rampage  .    (no gloves)
Will    .....                    (no boots)
Stlth   +++++                    (no amulet)
HPRegen 1.10/turn                j - +6 ring of dexterity
MPRegen 0.28/turn                (no ring)

@: very slightly contaminated, wreathed by umbra, drained
A: magic regeneration, condensation shield, weakness stinger 2
a: Renounce Religion, Shadow Step


You were on level 8 of the Dungeon.
You worshipped Dithmenos.
Dithmenos was pleased with you.
You visited 2 branches of the dungeon, and saw 9 of its levels.
You also visited: Bailey.

You collected 917 gold pieces.
You spent 117 gold pieces at shops.

Inventory:

Hand Weapons
 k - a +0 short sword (weapon)
 A - a +1 morningstar of draining
Armour
 b - a +1 leather armour
 c - a +0 buckler (worn)
 B - a +0 troll leather armour (worn)
Jewellery
 i - a ring of ice
 j - a +6 ring of dexterity (left hand)
 t - a ring of protection from fire
 v - an amulet of faith
 x - an amulet of faith
 y - a ring of flight
Wands
 d - a wand of charming (5)
 e - a wand of iceblast (4)
 s - a wand of paralysis (19)
Scrolls
 f - 2 scrolls of enchant armour
 m - a scroll of teleportation
 n - a scroll of brand weapon {unknown}
 o - 3 scrolls of identify
 p - 2 scrolls of noise
 r - a scroll of blinking
Potions
 a - a potion of heal wounds
 g - a potion of mutation
 h - 2 potions of attraction
 l - a potion of haste
 q - 2 potions of curing
 u - a potion of magic
 w - 4 potions of flight
 z - a potion of ambrosia {unknown}


   Skills:
 + Level 5.6 Fighting
 + Level 6.0 Short Blades
 - Level 1.7 Armour
 - Level 0.8 Dodging
 + Level 7.8 Stealth
 + Level 0.2 Shields
 - Level 4.0 Spellcasting
 + Level 3.9 Necromancy
 * Level 2.7 Air Magic
 + Level 2.9 Poison Magic
 - Level 3.1 Evocations


You had 12 spell levels left.
You knew the following spells:

 Your Spells              Type           Power      Damage    Failure   Level
a - Cigotuvi's Dreadful   Necr/Pois/Air  24%        N/A       13%         2
b - Poisonous Vapours     Pois/Air       22%        N/A       16%         2

Your spell library contained the following spells:

 Spells                   Type           Power      Damage    Failure   Level
 Beastly Appendage        Tmut           6%         N/A       30%         1
 Mephitic Cloud           Conj/Pois/Air  8%         N/A       41%         3
 Wereblood                Tmut           3%         N/A       43%         2
 Spider Form              Tmut/Pois      7%         N/A       45%         3
 Dispel Undead            Necr           14%        3d10      52%         4
 Death Channel            Necr           7%         N/A       100%        6


Dungeon Overview and Level Annotations

Branches:
Dungeon (8/15)             Temple (1/1) D:5          Bailey (visited)
   Lair: D:8-11

Altars:
Ashenzari
Cheibriados
Dithmenos
Fedhas
Gozag
Kikubaaqudgha
Makhleb
Nemelex Xobeh
Okawaru
Qazlal
Ru
Sif Muna
Trog
Uskayaw
Vehumet
Wu Jian
Xom
Yredelemnul

Shops:
D:3 !*   D:8 (

Annotations:
D:5 8 runed translucent doors, Route6x's ghost, novice MiBe
D:6 exclusions: wight and 1 more exclusion
D:8 2 transporters


Innate Abilities, Weirdness & Mutations

You regenerate magic rapidly.
A meltable shield of frost defends you. (SH +4)
You have a tail ending in a sharp stinger.


Message History

Your tail-slap misses the water moccasin.
The water moccasin is almost dead.
The water moccasin barely misses you.
You hit the water moccasin.
You kill the water moccasin!
Dithmenos accepts your kill.
You start resting.
HP restored.
You start waiting.
Done waiting.
Adjust (i)tems, (s)pells, or (a)bilities?
Huh?
Adjust (i)tems, (s)pells, or (a)bilities?
Okay, then.
A centaur comes into view.
It is carrying a wand of quicksilver (12).
A centaur is nearby!
The centaur shouts!
The centaur wields a +0 shortbow.
The centaur shoots an arrow.
The arrow hits you.
Poisonous vapours surround the centaur!
The centaur is poisoned.
The centaur shoots an arrow.
The arrow hits you.
The centaur shoots an arrow.
You block the arrow.
You miscast Poisonous Vapours.
You are very lightly contaminated with residual magic.
Nothing appears to happen.
The centaur shoots an arrow.
You block the arrow.
Poisonous vapours surround the centaur!
The centaur looks even sicker.
The centaur shoots an arrow.
The arrow hits you!
Poisonous vapours surround the centaur!
The centaur looks even sicker.
The centaur shoots an arrow.
The arrow hits you!
You are too injured to fight recklessly!
The centaur shoots an arrow.
You block the arrow.
The centaur zaps a wand.
The bolt of dispelling energy hits you!!
The centaur zaps a wand.
The bolt of dispelling energy hits you!
* * * LOW HITPOINT WARNING * * *
You barely miss the centaur.
The centaur is moderately wounded.
The centaur zaps a wand.
The bolt of dispelling energy hits you!!
You die...

#.......#P./.P#....#....#...###.#
#.......#8.©.8#............##....
###..##.#######............##.).)
#.........©.)...........#.##....
##.....###...##..........#)##....
.........#..###..........#.##..).
.#####.....###....##.......##....
.# ##.......#####c.......#..#####
.###........####@............####
..#..#..#..........>.............
#...###.#..........##.....###....
..#..#............###...####..†..
.###.........#####.###### #......
## ##.#......#...#.# #......
.###.........#.∩.#.# #......
..#..#..#.##.#...#.# ###....
#..†###.#.##.#.>.# #....


You could see a centaur (very poisoned).

Vanquished Creatures
  A troll (D:8)
  A steam dragon (D:7)
  An acid dragon (D:8)
  A water moccasin (D:8)
  3 orc warriors (Bailey)
  An ice beast (D:6)
  3 black bears
  3 ogres
  2 centaurs
  A phantom (D:7)
  3 bullfrogs
  2 gnoll sergeants
  A scorpion (D:7)
  3 wights
  5 killer bees
  3 hounds
  3 jellies
  An orc priest (D:5)
  2 iguanas
  An orc wizard (D:5)
  7 gnolls
  7 adders
  A shadow imp (D:7)
  A white imp (D:7)
  An ufetubus (D:4)
  A worm (D:4)
  3 dart slugs (D:1)
  13 orcs
  8 endoplasms
  6 giant cockroaches
  12 goblins
  8 hobgoblins
  4 jackals (D:2)
  7 quokkas
  5 ball pythons
  2 frilled lizards (D:2)
  8 kobolds
  4 rats (D:1)
139 creatures vanquished.

Vanquished Creatures (collateral kills)
  An orc warrior (Bailey)
  An ogre (D:7)
  A bullfrog (D:7)
  A wight (D:7)
  5 gnolls
  2 hobgoblins (Bailey)
  5 kobolds (Bailey)
16 creatures vanquished.

Vanquished Creatures (others)
  An orc knight (Bailey)
  An orc warrior (Bailey)
2 creatures vanquished.

Grand Total: 157 creatures vanquished

Notes
Turn   | Place    | Note
-------+----------+-------------------------------------------
     0 | D:1      | PublicAnimeNo1 the Demonspawn Artificer began the quest for
                  | the Orb.
     0 | D:1      | Reached XP level 1. HP: 15/15 MP: 1/1
    27 | D:1      | Reached skill level 1 in Stealth
   259 | D:1      | Gained mutation: You have a small tail. [demonic ancestry]
   259 | D:1      | Reached XP level 2. HP: 21/21 MP: 2/2
   461 | D:1      | Reached skill level 2 in Stealth
  1053 | D:2      | Gained mutation: A meltable shield of frost defends you.
                  | (SH +4) [demonic ancestry]
  1053 | D:2      | Reached XP level 3. HP: 23/27 MP: 3/3
  1467 | D:2      | Reached XP level 4. HP: 30/34 MP: 4/4
  1935 | D:3      | Reached skill level 3 in Stealth
  1945 | D:3      | Found Vemidoh's Antique Armour Shoppe.
  1975 | D:3      | Found a snail-covered altar of Cheibriados.
  2035 | D:3      | Found Loyw's Distillery.
  2073 | D:3      | Bought a potion of curing for 30 gold pieces
  2197 | D:3      | Found Laozxenk's Assorted Antiques.
  2205 | D:3      | Bought 2 scrolls labelled UNYIR XIASARI for 58 gold pieces
  2205 | D:3      | Bought a scroll labelled LASAIR XUTE for 29 gold pieces
  2591 | D:4      | Reached skill level 1 in Short Blades
  2692 | D:4      | Reached XP level 5. HP: 41/41 MP: 5/5
  2999 | D:4      | Noticed an ogre
  3104 | D:4      | Noticed an ogre
  3112 | D:4      | Killed an ogre
  3113 | D:4      | Reached XP level 6. HP: 13/48 MP: 6/6
  3366 | D:4      | Reached skill level 4 in Stealth
  3581 | D:4      | Found a shimmering blue altar of Sif Muna.
  3599 | D:5      | Entered Level 5 of the Dungeon
  3738 | D:5      | Found a staircase to the Ecumenical Temple.
  3747 | Temple   | Entered the Ecumenical Temple
  3770 | Temple   | Became a worshipper of Dithmenos the Shadowed
  3914 | D:5      | Noticed a redback
  3915 | D:5      | Noticed a redback
  3916 | D:5      | Noticed a water moccasin
  3917 | D:5      | Noticed a water moccasin
  3917 | D:5      | Noticed a water moccasin
  3917 | D:5      | Noticed a water moccasin
  3917 | D:5      | Noticed a redback
  3918 | D:5      | Found a runed translucent gate.
  3919 | D:5      | Found a runed translucent door.
  3919 | D:5      | Found a runed translucent gate.
  3934 | D:5      | Found a runed translucent gate.
  3936 | D:5      | Noticed a redback
  3936 | D:5      | Noticed a redback
  3943 | D:5      | Found a runed translucent door.
  3949 | D:5      | Found a runed translucent gate.
  3949 | D:5      | Found a runed translucent gate.
  3949 | D:5      | Found a runed translucent gate.
  3970 | D:5      | Found the +9 staff of Olgreb {rPois∞}
  4374 | D:5      | Found a burning altar of Makhleb.
  4409 | D:5      | Found an opulent altar of Gozag.
  4868 | D:5      | Noticed Route6x's ghost (novice MiBe)
  4992 | D:5      | Gained mutation: You regenerate magic rapidly. [demonic
                  | ancestry]
  4992 | D:5      | Reached XP level 7. HP: 38/55 MP: 7/7
  5186 | D:6      | Learned a level 2 spell: Cigotuvi's Dreadful Rot
  5299 | D:6      | Reached skill level 5 in Fighting
  5299 | D:6      | Reached skill level 5 in Stealth
  5520 | D:6      | Reached skill level 1 in Spellcasting
  5645 | D:6      | Gained mutation: You have a tail ending in a sharp stinger.
                  | [demonic ancestry]
  5645 | D:6      | Reached XP level 8. HP: 45/62 MP: 10/10
  5974 | D:6      | Noticed a manticore
  6043 | D:7      | Reached skill level 6 in Stealth
  6081 | D:7      | Found a flagged portal.
  6191 | D:7      | Reached * piety under Dithmenos
  6220 | D:7      | Reached skill level 5 in Short Blades
  6293 | Bailey   | Entered a bailey
  6315 | Bailey   | Noticed an orc knight
  6522 | Bailey   | Reached skill level 7 in Stealth
  6522 | Bailey   | Reached skill level 1 in Necromancy
  6522 | Bailey   | Reached XP level 9. HP: 68/68 MP: 13/15
  7591 | D:8      | Reached ** piety under Dithmenos
  7605 | D:8      | Learned a level 2 spell: Poisonous Vapours
  7715 | D:8      | Reached skill level 1 in Air Magic
  7715 | D:8      | Reached skill level 1 in Poison Magic
  8067 | D:8      | Found a broken altar of Ashenzari.
  8068 | D:8      | Found a sparkling altar of Nemelex Xobeh.
  8429 | D:8      | Found a transporter.
  8511 | D:8      | Noticed a troll
  8519 | D:8      | Killed a troll
  8555 | D:8      | Found Nypto's Antique Weapon Emporium.
  8558 | D:8      | Found a transporter.
  8742 | D:8      | Killed from afar by a centaur

Illustrated notes

Levels and vault maps discovered:
D:1:      dpeg_arrival_shelter, layout_loops_ring, serial_bayou_pond_a,
          nicolae_eternal_life, wad_woods_river_04, chequers_arboretum
D:2:      layout_basic
D:3:      layout_rooms, overflow_temple_1_default, serial_shops, shop_fountains,
          shop, nicolae_shop_statue_plus
D:4:      layout_loops_corners, lemuel_blue_sif_altar,
          chequers_serial_rivers_micro_c
D:5:      layout_loops_corners, lemuel_doored_altar, grunt_gozag_statues,
          temple_green, ebering_ghost_rock_garden,
          minmay_guarded_unrand_staff_of_olgreb
D:6:      layout_cave_pools, mainiacjoe_overflow_alcove_2, amethyst_killhole,
          minmay_small_thing
D:7:      layout_gridville, enter_bailey_5
D:8:      gammafunk_steamed_eel, layout_cave_pools, nicolae_overflow_squiral,
          serial_shops, nicolae_take_the_stairs, serial_gnoll_camp,
          gnoll_camp_medium_01, gnoll_camp_mini_basic, gnoll_camp_mini_hut,
          gnoll_camp_mini_hut, gnoll_camp_mini_hut, gnoll_camp_mini_loothouse,
          minmay_strange_pillars, minivault_23
Temple:   nicolae_temple_no_exploring_needed

Skill      XL: |  1  2  3  4  5  6  7  8  9 |
---------------+----------------------------+-----
Stealth        | 1 2 3 4 5 7 |  7.8
Fighting       | 2 3 4 5 |  5.6
Short Blades   | 1 2 3 4 5 6 |  6.0
Spellcasting   | 1 4 |  4.0
Necromancy     | 1 3 |  3.9
Air Magic      | 2 |  2.7
Poison Magic   | 2 |  2.9
Armour         | |  1.7
Dodging        | |  0.8
Shields        | |  0.2
Evocations     | |  3.1

Action                     |  1- 3 |  4- 6 |  7- 9 || total
---------------------------+-------+-------+-------++-------
  Melee: Club              |    31 |       |       ||    31
         Dagger            |    82 |       |       ||    82
         Tailslap          |    11 |    22 |    39 ||    72
         Flail             |     9 |    97 |    28 ||   134
         Short sword       |     3 |    58 |   231 ||   292
         Punch             |       |     2 |     4 ||     6
   Cast: Poisonous Vapours |       |       |    24 ||    24
         Cigotuvi's Dreadf |       |       |     2 ||     2
  Evoke: Wand              |     2 |     4 |    27 ||    33
    Use: Scroll            |       |    14 |     3 ||    17
         Potion            |       |       |     2 ||     2
   Stab: Sleeping          |     6 |     9 |    11 ||    26
         Distracted        |       |     1 |       ||     1
         Paralysed         |       |       |     8 ||     8
         Betrayed ally     |       |       |     1 ||     1
 Armour: Leather armour    |    21 |    32 |    35 ||    88
         Troll leather arm |       |       |     1 ||     1
  Dodge: Dodged            |    75 |    91 |   153 ||   319
  Block: Other             |    12 |    18 |    49 ||    79
         Buckler           |       |       |     9 ||     9

Table legend: (Time is in decaauts)
 A = Elapsed time spent in this place.
 B = Non-inter-level travel time spent in this place.
 C = Inter-level travel time spent in this place.
 D = Time resting spent in this place.
 E = Time spent auto-exploring this place.
 F = Levels seen in this place.
 G = Mean time per level.
                   A        B        C        D        E       F      G
               +--------+--------+--------+--------+--------+-----+--------+
         Total |   8761 |   8593 |    168 |   2448 |   4355 |  10 |  876.1 |
       Dungeon |   8247 |   8087 |    160 |   2260 |   4274 |   8 | 1030.9 |
        Temple |     31 |     24 |      7 |      0 |      8 |   1 |   31.0 |
        Bailey |    481 |    481 |      0 |    188 |     73 |   1 |  481.0 |
               +--------+--------+--------+--------+--------+-----+--------+

Top non-repeatable levels by time:
     D:5: 1469 daAuts
     D:7: 1312 daAuts
     D:4: 1130 daAuts
     D:1: 1053 daAuts
     D:6: 920 daAuts
     D:8: 884 daAuts
     D:2: 862 daAuts
     D:3: 615 daAuts
  Bailey: 481 daAuts
  Temple: 31 daAuts
